 Dungeon Crawl Stone Soup version 0.29-a0-902-g0f71de6fce (webtiles) character file.

Game seed: 7501960946699379875

75 Sabo the Firebug (level 4, 31/31 HPs)
             Began as a Demonspawn Fire Elementalist on July 25, 2022.
             Was a Follower of Jiyva.
             Got out of the dungeon alive.
             The game lasted 00:15:52 (2872 turns).

Sabo the Firebug (Demonspawn Fire Elementalist)     Turns: 2872, Time: 00:15:52

Health: 31/31      AC:  4    Str:  9    XL:     4   Next: 11%
Magic:  7/7        EV: 10    Int: 18    God:    Jiyva [*.....]
Gold:   105        SH: 11    Dex: 15    Spells: 7/8 levels left

rFire   . . .      SeeInvis .   o - +0 hand axe
rCold   . . .      Faith    .   n - +0 kite shield
rNeg    . . .      Spirit   .   a - +0 robe
rPois   .          Reflect  .   m - +0 helmet
rElec   .          Harm     .   (no cloak)
rCorr   +          Rampage  .   (no gloves)
Will    .....                   c - +0 pair of boots
Stlth   +++.......              (no amulet)
HPRegen 0.90/turn               e - ring of resist corrosion
MPRegen 0.35/turn               (no ring)

@: no status effects
A: thin skeletal structure 1, condensation shield, demonic touch 1
a: Renounce Religion


You escaped.
You worshipped Jiyva.
Jiyva was aware of your devotion.
You visited 1 branch of the dungeon, and saw 2 of its levels.

You collected 105 gold pieces.

Inventory:

Hand Weapons
 o - a +0 hand axe (weapon)
 q - a +0 sling
Missiles
 r - 4 poisoned darts (quivered)
Armour
 a - a +0 robe (worn)
 c - a +0 pair of boots (worn)
 m - a +0 helmet (worn)
 n - a +0 kite shield (worn)
Jewellery
 e - a ring of resist corrosion (left hand)
 i - a ring of fire
Scrolls
 d - a scroll of poison {unknown}
 g - 2 scrolls of identify {unknown}
 k - a scroll of teleportation {unknown}
 l - a scroll of summoning
Potions
 b - a potion of magic
 f - a potion of brilliance {unknown}
 h - a potion of mutation {unknown}
 j - 2 potions of lignification {unknown}
 p - a potion of resistance {unknown}


   Skills:
 + Level 0.4 Fighting
 + Level 0.1 Short Blades
 + Level 2.1 Dodging
 + Level 2.2 Stealth
 + Level 2.6 Spellcasting
 + Level 1.4 Conjurations
 + Level 3.4 Fire Magic


You had 7 spell levels left.
You knew the following spells:

 Your Spells              Type           Power      Damage    Failure   Level
a - Foxfire               Conj/Fire      44%        2x1d6     22%         1

Your spell library contained the following spells:

 Spells                   Type           Power      Damage    Failure   Level
 Scorch                   Fire           28%        2d6       22%         2
 Conjure Flame            Conj/Fire      11%        6-21      56%         3
 Inner Flame              Hex/Fire       8%         N/A       67%         3
 Flame Wave               Conj/Fire      11%        2d5       92%         4


Dungeon Overview and Level Annotations

Branches:
Dungeon (2/15)

Altars:
Jiyva

Shops:
D:1 =


Innate Abilities, Weirdness & Mutations

You have a somewhat thin skeletal structure. (Dex +2, Stealth+)
A meltable shield of frost defends you. (SH +4)
Your touch may inflict minor irresistible damage on your foes.


Message History

There is a stone staircase leading up here.
Found 12 gold pieces.
A bat comes into view.
The bat barely misses you. You block the bat's attack.
You barely miss the bat. You block the bat's attack. The bat hits you.
The bat completely misses you.
Casting: Foxfire (safe; 24% risk of failure)
Confirm with . or Enter, or press ? or * to list all spells.
You conjure some foxfire!
The bat barely misses you. You block the bat's attack.
The foxfire hits the bat.
The bat is moderately wounded.
The bat hits you.
The foxfire hits the bat.
You kill the bat!
Found a faded altar of an unknown god.
You start resting.
Magic restored.
You now have 105 gold pieces (gained 12).
There is a faded altar of an unknown god here.
You cannot tell which god this altar belongs to.
Convert to them anyway?
Jiyva accepts your prayer! Jiyva welcomes you!
Jiyva begins accelerating your health and magic regeneration.
There is a stone staircase leading up here.
You can't go down here!
You climb upwards.
There is a stone staircase leading down here.
You hear a series of splatters.
You hear a distant slurping noise.
You hear a slurping noise.
You hear a distant slurping noise.
You hear a slurping noise.
You hear a slurping noise.
You hear a distant slurping noise.
You enter the shallow water.
Moving in this stuff is going to be slow.
There is a staircase leading out of the dungeon here.
You can't go down here!
Are you sure you want to leave the Dungeon?
This will make you lose the game!
You have escaped!

#.####.##.##........# #...#
##.##...##.##........# #.###
#..#..#########.###### #.#
#.#..## #≈≈≈≈♣≈♣≈≈≈# #.#
##)).## ###≈..P.....≈# #.#
.....# ##.#≈.PPP....≈# ####.###
.....# #..#≈..P.....≈# #...)..#
.....###..#♣♣.......♣###......#
.....#.>........@...≈..#......#
####...####♣♣...(...♣#........#
#..### #≈......♣.≈###......#
#.## #≈.P...♣♣♣≈# #......# #.#
#≈......♣ ≈# ##..#### ###.#
#≈≈≈≈♣≈♣≈≈≈###..##
#...############.#####...##
......)..........# #####
.)....############


There were no monsters in sight!

Vanquished Creatures
  An adder (D:2)
  3 dart slugs
  4 ball pythons
  6 endoplasms (D:1)
  6 giant cockroaches
  4 hobgoblins
  4 jackals (D:1)
  5 kobolds (D:1)
  2 quokkas (D:1)
  4 bats
  3 frilled lizards
  8 goblins
  4 rats
54 creatures vanquished.

Vanquished Creatures (others)
  98 foxfires
  4 plants (D:1)
  5 toadstools (D:1)
107 creatures vanquished.

Grand Total: 161 creatures vanquished

Notes
Turn   | Place    | Note
-------+----------+-------------------------------------------
     0 | D:1      | Sabo the Demonspawn Fire Elementalist began the quest for
                  | the Orb.
     0 | D:1      | Reached XP level 1. HP: 13/13 MP: 3/3
   342 | D:1      | Gained mutation: Your touch may inflict minor irresistible
                  | damage on your foes. [demonic ancestry]
   342 | D:1      | Reached XP level 2. HP: 19/19 MP: 0/5
   409 | D:1      | Reached skill level 3 in Fire Magic
  1051 | D:1      | Gained mutation: You have a somewhat thin skeletal
                  | structure. (Dex +2, Stealth+) [demonic ancestry]
  1051 | D:1      | Reached XP level 3. HP: 4/24 MP: 1/6
  1553 | D:1      | Found Deucail's Jewellery Shop.
  2341 | D:2      | Gained mutation: A meltable shield of frost defends you.
                  | (SH +4) [demonic ancestry]
  2341 | D:2      | Reached XP level 4. HP: 31/31 MP: 3/7
  2773 | D:2      | Found a faded altar of an unknown god.
  2803 | D:2      | Prayed at the altar of an unknown god.
  2803 | D:2      | Became a worshipper of Jiyva Jousmej the Shapeless
  2803 | D:2      | Reached * piety under Jiyva
  2872 | D:$      | Got out of the dungeon alive.

Illustrated notes

Levels and vault maps discovered:
D:1:      ldierk_walled_garden, layout_rooms, serial_shops, shop,
          minmay_domino_4
D:2:      layout_basic, chequers_ecumenical_altar_simple,
          small_statue_intersection

Skill      XL: |  1  2 |
---------------+-------+-----
Dodging        | 2 |  2.1
Fire Magic     | 3 |  3.4
Stealth        | 2 |  2.2
Fighting       | |  0.4
Short Blades   | |  0.1
Spellcasting   | |  2.6
Conjurations   | |  1.4

Action                   |  1- 3 |  4- 6 || total
-------------------------+-------+-------++-------
Melee: Unarmed           |     1 |       ||     1
       Dagger            |    65 |       ||    65
       Touch             |     8 |       ||     8
       Short sword       |     1 |       ||     1
       Hand axe          |       |    15 ||    15
 Cast: Foxfire           |    53 |     3 ||    56
  Use: Scroll            |     1 |       ||     1
 Stab: Sleeping          |     1 |     2 ||     3
Armor: Robe              |    39 |     2 ||    41
Dodge: Dodged            |    83 |     7 ||    90
Block: Kite shield       |     2 |    12 ||    14

Table legend: (Time is in decaauts)
 A = Elapsed time spent in this place.
 B = Non-inter-level travel time spent in this place.
 C = Inter-level travel time spent in this place.
 D = Time resting spent in this place.
 E = Time spent auto-exploring this place.
 F = Levels seen in this place.
 G = Mean time per level.
                   A        B        C        D        E       F      G
               +--------+--------+--------+--------+--------+-----+--------+
         Total |   2881 |   2881 |      0 |   1457 |      0 |   2 | 1440.5 |
       Dungeon |   2881 |   2881 |      0 |   1457 |      0 |   2 | 1440.5 |
               +--------+--------+--------+--------+--------+-----+--------+

Top non-repeatable levels by time:
     D:1: 2045 daAuts
     D:2: 835 daAuts
